 Dungeon Crawl Stone Soup version 0.32-a0-42-ga30500b4d3 (webtiles) character file.

Game seed: 13957169237242834910

20477 pokeman the Eclecticist (level 12, -4/68 HPs)
             Began as a Deep Elf Hedge Wizard on Jan 27, 2024.
             Was a High Priest of Vehumet.
             Slain by a white ugly thing (31 damage)
             ... on level 14 of the Dungeon.
             The game lasted 00:39:58 (16620 turns).

pokeman the Eclecticist (Deep Elf Hedge Wizard)    Turns: 16620, Time: 00:39:59

Health: -4/68      AC: 16    Str:  7    XL:     12   Next: 45%
Magic:  30/35      EV: 13    Int: 25    God:    Vehumet [*****.]
Gold:   934        SH:  5    Dex: 14    Spells: 36/45 levels left

rFire   . . .        C - +2 flail (venom)
rCold   . . .        (no shield)
rNeg    + . .        U - +0 steam dragon scales
rPois   +            Y - +0 helmet
rElec   .            G - +0 cloak
rCorr   .            (no gloves)
SInv    .            J - +2 pair of boots
Will    ++...        S - amulet of reflection
Stlth   ++           F - +4 ring of protection
HPRegen 0.31/turn    p - ring "Rytwael Ceas" {rPois rN+ Will+}
MPRegen 0.24/turn

%: reflection
@: no status effects
A: no striking features
a: Renounce Religion


You were on level 14 of the Dungeon.
You worshipped Vehumet.
Vehumet was extremely pleased with you.
You visited 2 branches of the dungeon, and saw 15 of its levels.
You also visited: Sewer.

You collected 1024 gold pieces.
You spent 90 gold pieces at shops.

Inventory:

Hand Weapons
 C - a +2 flail of venom (weapon)
 H - the +3 dagger "Backscratcher" {pain, Dex+4}
   (You found it on level 6 of the Dungeon)

   Dex+4:     It affects your dexterity (+4).
Missiles
 K - 4 throwing nets
 V - a curare-tipped dart
Armour
 G - a +0 cloak (worn)
 J - a +2 pair of boots (worn)
 U - +0 steam dragon scales (worn)
 Y - a +0 helmet (worn)
Magical Staves
 j - a staff of earth
 P - a staff of cold
Jewellery
 f - a +6 ring of strength
 p - the ring "Rytwael Ceas" (right hand) {rPois rN+ Will+}
   (You found it on level 2 of the Dungeon)

   [ring of willpower]

   rPois:     It protects you from poison rN+: It protects you from negative
   energy.
   Will+:     It increases your willpower.
 F - a +4 ring of protection (left hand)
 I - a ring of wizardry
 M - a ring of wizardry
 S - an amulet of reflection (around neck)
Wands
 n - a wand of flame (37)
 r - a wand of digging (7)
 s - a wand of roots (15)
 t - a wand of quicksilver (20)
 N - a wand of paralysis (2)
 O - a wand of polymorph (7)
Scrolls
 b - 4 scrolls of blinking {unknown}
 i - 3 scrolls of fear {unknown}
 q - 12 scrolls of identify {unknown}
 u - 8 scrolls of teleportation {unknown}
 y - 3 scrolls of enchant weapon {unknown}
 z - 3 scrolls of revelation {unknown}
 A - 2 scrolls of vulnerability {unknown}
 B - 2 scrolls of poison {unknown}
 D - 3 scrolls of acquirement {unknown}
 E - 2 scrolls of butterflies {unknown}
 Q - 3 scrolls of enchant armour {unknown}
 T - 2 scrolls of amnesia {unknown}
 W - a scroll of fog {unknown}
 X - 2 scrolls of immolation {unknown}
Potions
 a - 5 potions of brilliance {unknown}
 d - 2 potions of magic
 e - 2 potions of lignification {unknown}
 g - 7 potions of might {unknown}
 h - 7 potions of cancellation {unknown}
 k - 9 potions of heal wounds
 l - 2 potions of berserk rage {unknown}
 m - 3 potions of curing {unknown}
 o - 3 potions of attraction {unknown}
 v - 5 potions of haste {unknown}
 w - 4 potions of invisibility {unknown}
 x - a potion of mutation {unknown}
 L - 2 potions of enlightenment {unknown}
 R - 2 potions of ambrosia {unknown}


   Skills:
 - Level 5.0 Fighting
 + Level 5.8 Armour
 - Level 3.0 Dodging
 - Level 3.1 Stealth
 * Level 17.2 Spellcasting
 + Level 10.4 Conjurations
 - Level 1.1 Summonings
 - Level 5.0 Necromancy
 - Level 1.1 Translocations
 + Level 8.3 Fire Magic
 - Level 2.0 Ice Magic
 - Level 1.0 Air Magic
 - Level 1.0 Earth Magic
 - Level 1.0 Alchemy
 - Level 1.0 Evocations


You had 36 spell levels left.
You knew the following spells:

 Your Spells              Type           Power      Damage    Failure   Level
a - Magic Dart            Conj           100%       1d8       1%          1
b - Mephitic Cloud        Conj/Alch/Air  42%        N/A       1%          3
c - Call Imp              Summ           54%        N/A       2%          2
d - Blink                 Tloc           54%        N/A       2%          2
e - Foxfire               Conj/Fire      100%       2x1d9     1%          1

Your spell library contained the following spells:

 Spells                   Type           Power      Damage    Failure   Level
 Spellforged Servitor     Conj/Summ      25%        N/A       41%         7
 Necrotise                Necr           100%       1d9       1%          1
 Cigotuvi's Dreadful Rot  Necr/Alch/Air  66%        N/A       1%          2
 Momentum Strike          Conj/Tloc      100%       3d10      1%          2
 Dazzling Flash           Conj/Hex       94%        N/A       1%          3
 Vampiric Draining        Necr           46%        2d9       1%          3
 Slow                     Hex            84%        N/A       2%          1
 Lesser Beckoning         Tloc           54%        N/A       2%          2
 Ozocubu's Armour         Ice            31%        N/A       3%          3
 Martyr's Knell           Necr/Summ      36%        N/A       7%          4
 Curse of Agony           Necr           46%        N/A       9%          5
 Metabolic Englaciation   Hex/Ice        13%        N/A       41%         5
 Silence                  Hex/Air        12%        N/A       47%         5
 Sculpt Simulacrum        Ice/Alch       14%        N/A       89%         6


Dungeon Overview and Level Annotations

Branches:
Dungeon (14/15)            Temple (1/1) D:5            Lair (0/5) D:8
    Orc (0/2) D:11          Sewer (visited)
 Vaults: D:13-14

Altars:
Ashenzari
Cheibriados
Dithmenos
Elyvilon
Fedhas
Gozag
Hepliaklqana
Kikubaaqudgha
Makhleb
Nemelex Xobeh
Okawaru
Qazlal
Ru
Sif Muna
Trog
Uskayaw
Vehumet
Wu Jian
Xom
Yredelemnul
Zin
The Shining One

Shops:
D:5 !   D:8 (   D:9 (

Annotations:
D:8 3 runed translucent doors
D:13 exclusion: efreet


Message History

The white ugly thing appears confused.
The troll is engulfed in noxious fumes.
You block the troll's attack. The troll barely misses you. x2
Unknown command.
Unknown command.
You sock the troll!
The troll is poisoned.
The troll is lightly wounded.
The white ugly thing is engulfed in noxious fumes.
The white ugly thing appears confused.
The troll is engulfed in noxious fumes.
The troll bites you but does no damage. The troll closely misses you.
The troll misses you.
The white ugly thing is engulfed in noxious fumes.
The white ugly thing barely misses the troll.
Unknown command.
You hit the white ugly thing but do no damage.
The white ugly thing looks as sick as possible!
The white ugly thing is heavily wounded.
The troll is engulfed in noxious fumes.
The troll closely misses you. The troll claws you. The troll barely misses you.
The white ugly thing is engulfed in noxious fumes.
The white ugly thing appears confused.
The troll is engulfed in noxious fumes.
The troll bites you! The troll claws you but does no damage.
You block the troll's attack.
You hit the troll but do no damage.
The troll looks as sick as possible!
The troll is lightly wounded.
The troll is engulfed in noxious fumes.
The troll appears confused.
The troll bites the white ugly thing!
The troll claws the white ugly thing!
The troll claws the white ugly thing but does no damage.
The white ugly thing is engulfed in noxious fumes.
Unknown command.
You barely miss the troll.
The troll is lightly wounded.
The troll is engulfed in noxious fumes.
The white ugly thing is engulfed in noxious fumes.
Unknown command.
You hit the white ugly thing but do no damage.
The white ugly thing is almost dead.
The troll is engulfed in noxious fumes.
The troll appears confused.
The white ugly thing tentacle-slaps you!
The white ugly thing freezes you!!
You die...

.....#'########### ....u
.....#.........#.##### #...#
.....#.........#.#.....#...#
.....#.........#.#.....#...##
.....#....<....#.#.....'....#
.....#.........#.#######....#
.....###########☼...........#
..............§§T...........#
..............§u@...........#
.......#####................#
.......#
#....................
.....###
##############........ .....#
#........ #....# #########
######


You could see a white ugly thing (confused, very poisoned) and a troll
(confused, extremely poisoned).

Vanquished Creatures
  Nessos (D:12)
  Snorg (D:11)
  2 boulder beetles
  A centaur warrior (D:13)
  3 two-headed ogres
  Nergalle (D:11)
  2 manticores
  4 ugly things
  5 cyclopes
  3 meliai (D:13)
  Psyche (D:9)
  5 trolls
  A hornet (D:9)
  Sigmund (D:2)
  A shadow (D:11)
  3 wraiths
  A yak (shapeshifter) (D:13)
  Eustachio (D:6)
  4 steam dragons
  6 vampire mosquitoes
  Edmund (D:6)
  Duvessa (D:7)
  A water moccasin (D:5)
  2 black bears
  4 orc warriors
  3 sky beasts (D:8)
  3 ice beasts
  6 centaurs
  2 ogres
  5 kobold brigands
  4 bullfrogs (D:8)
  6 scorpions
  A gnoll sergeant (D:8)
  2 necrophages (D:6)
  12 wights
  Dowan (D:7)
  6 killer bees (D:9)
  3 howler monkeys (D:8)
  4 bombardier beetles
  A centaur zombie (D:6)
  4 hounds
  A wyvern simulacrum (D:6)
  2 jellies
  A sleepcap (D:8)
  5 orc priests
  Jessica (D:2)
  2 gnoll boudas
  Ijyb (D:4)
  4 iguanas
  21 orc wizards
  A spectral killer bee (D:6)
  22 gnolls
  A howler monkey skeleton (D:6)
  3 river rats (Sewer)
  10 adders
  A shadow imp (D:7)
  A white imp (D:6)
  A ribbon worm (D:3)
  51 orcs
  17 bats
  4 endoplasms
  3 giant cockroaches
  10 goblins
  4 hobgoblins
  4 jackals (D:1)
  A quokka (D:2)
  10 ball pythons
  2 frilled lizards
  35 kobolds
  22 rats
  8 foxfires
368 creatures vanquished.

Vanquished Creatures (collateral kills)
  A gnoll sergeant (D:9)
  A bat (D:9)
2 creatures vanquished.

Vanquished Creatures (others)
  An electric eel (D:9)
  1165 foxfires
1166 creatures vanquished.

Grand Total: 1536 creatures vanquished

Notes
Turn   | Place    | Note
-------+----------+-------------------------------------------
     0 | D:1      | pokeman the Deep Elf Hedge Wizard began the quest for the
                  | Orb.
     0 | D:1      | Reached XP level 1. HP: 10/10 MP: 7/7
   154 | D:1      | Reached XP level 2. HP: 16/16 MP: 3/9
   788 | D:1      | Reached skill level 5 in Spellcasting
  1116 | D:2      | Reached XP level 3. HP: 20/20 MP: 8/11
  1120 | D:2      | Learned a level 3 spell: Mephitic Cloud
  1123 | D:2      | Learned a level 2 spell: Call Imp
  1126 | D:2      | Learned a level 2 spell: Blink
  1439 | D:2      | Noticed Sigmund
  1560 | D:2      | Killed Sigmund
  1561 | D:2      | Reached skill level 1 in Fighting
  1561 | D:2      | Reached skill level 1 in Armour
  1561 | D:2      | Reached skill level 6 in Spellcasting
  1561 | D:2      | Reached XP level 4. HP: 20/26 MP: 11/14
  1561 | D:2      | Reached XP level 5. HP: 23/30 MP: 11/15
  1636 | D:2      | Noticed Jessica
  1645 | D:2      | Killed Jessica
  1727 | D:2      | Identified the ring "Rytwael Ceas" {rPois rN+ Will+}
  2093 | D:2      | Reached XP level 6. HP: 27/35 MP: 10/17
  2402 | D:3      | Reached skill level 7 in Spellcasting
  2424 | D:3      | Found a glowing drain.
  2461 | Sewer    | Entered a sewer
  3107 | Sewer    | Reached skill level 1 in Necromancy
  3107 | Sewer    | Reached skill level 1 in Alchemy
  3573 | D:3      | Reached skill level 1 in Evocations
  3696 | D:3      | Reached XP level 7. HP: 39/39 MP: 16/19
  3934 | D:4      | Reached skill level 1 in Air Magic
  5147 | D:4      | Reached skill level 8 in Spellcasting
  5156 | D:4      | Noticed Ijyb
  5165 | D:4      | Killed Ijyb
  5500 | D:5      | Entered Level 5 of the Dungeon
  5634 | D:5      | Found Tunaor's Distillery.
  5651 | D:5      | Bought a potion of degeneration for 15 gold pieces
  5651 | D:5      | Bought a potion of heal wounds for 75 gold pieces
  5656 | D:5      | Found a staircase to the Ecumenical Temple.
  5686 | D:5      | Found a hide-covered altar of Uskayaw.
  5700 | D:5      | Reached XP level 8. HP: 30/45 MP: 20/22
  5754 | Temple   | Entered the Ecumenical Temple
  5779 | Temple   | Became a worshipper of Vehumet
  6353 | D:5      | Reached skill level 9 in Spellcasting
  6909 | D:6      | Noticed Edmund
  6923 | D:6      | Killed Edmund
  6924 | D:6      | Reached skill level 5 in Conjurations
  7102 | D:6      | Reached skill level 10 in Spellcasting
  7286 | D:6      | Noticed Eustachio
  7305 | D:6      | Killed Eustachio
  7694 | D:6      | Reached XP level 9. HP: 38/49 MP: 16/25
  7937 | D:6      | Reached skill level 5 in Necromancy
  8006 | D:6      | Reached * piety under Vehumet
  8006 | D:6      | Offered knowledge of Foxfire by Vehumet.
  8009 | D:6      | Learned a level 1 spell: Foxfire
  8153 | D:6      | Identified the +3 dagger "Backscratcher" {pain, Dex+4}
  8403 | D:6      | Reached skill level 11 in Spellcasting
  8408 | D:6      | Reached skill level 1 in Fire Magic
  8579 | D:7      | Noticed Duvessa
  8587 | D:7      | Noticed Dowan
  8595 | D:7      | Killed Duvessa
  8600 | D:7      | Killed Dowan
  9256 | D:8      | Found a runed translucent gate.
  9256 | D:8      | Found a runed translucent gate.
  9256 | D:8      | Found a runed translucent gate.
  9256 | D:8      | Noticed a brown ugly thing
  9257 | D:8      | Noticed a cyan ugly thing
  9257 | D:8      | Noticed a glowing orange brain
  9257 | D:8      | Noticed a brown ugly thing
  9339 | D:8      | Reached ** piety under Vehumet
  9339 | D:8      | Offered knowledge of Scorch by Vehumet.
  9398 | D:8      | Reached skill level 12 in Spellcasting
  9667 | D:8      | Found an ancient bone altar of Kikubaaqudgha.
  9667 | D:8      | Found a sparkling altar of Nemelex Xobeh.
  9710 | D:8      | Reached XP level 10. HP: 23/56 MP: 19/28
 10047 | D:8      | Found an opulent altar of Gozag.
 10066 | D:8      | Found a staircase to the Lair.
 10434 | D:8      | Noticed a purple ugly thing
 10478 | D:8      | Found Nouculiz's Weapon Emporium.
 10655 | D:9      | Reached skill level 1 in Earth Magic
 10685 | D:9      | Noticed a two-headed ogre
 10709 | D:9      | Killed a two-headed ogre
 10710 | D:9      | Reached skill level 13 in Spellcasting
 10710 | D:9      | Reached skill level 1 in Ice Magic
 10713 | D:9      | Offered knowledge of Mercury Vapours by Vehumet.
 10714 | D:9      | Noticed a boulder beetle
 10921 | D:9      | Reached *** piety under Vehumet
 11022 | D:9      | Killed a boulder beetle
 11023 | D:9      | Reached skill level 5 in Fire Magic
 11109 | D:9      | Found Vopuost's Weapon Shoppe.
 11135 | D:9      | Offered knowledge of Inner Flame by Vehumet.
 11255 | D:9      | Reached skill level 14 in Spellcasting
 11564 | D:9      | Noticed Psyche
 11572 | D:9      | Killed Psyche
 11573 | D:9      | Reached XP level 11. HP: 62/62 MP: 29/31
 11857 | D:10     | Entered Level 10 of the Dungeon
 11908 | D:10     | Reached **** piety under Vehumet
 12029 | D:10     | Offered knowledge of Yara's Violent Unravelling by Vehumet.
 12305 | D:10     | Found a sacrificial altar of Ru.
 12421 | D:10     | Noticed a two-headed ogre
 12434 | D:10     | Killed a two-headed ogre
 12481 | D:10     | Found a shimmering altar of Xom.
 12975 | D:11     | Reached skill level 5 in Fighting
 13212 | D:11     | Reached skill level 15 in Spellcasting
 13338 | D:11     | Found a staircase to the Orcish Mines.
 13351 | D:11     | Noticed Snorg
 13373 | D:11     | Killed Snorg
 13481 | D:11     | Reached ***** piety under Vehumet
 13536 | D:11     | Noticed Nergalle
 13921 | D:11     | Noticed a two-headed ogre
 13937 | D:11     | Killed Nergalle
 13940 | D:11     | Killed a two-headed ogre
 14135 | D:12     | Offered knowledge of Spellforged Servitor by Vehumet.
 14271 | D:12     | Noticed a brown ugly thing
 14277 | D:12     | Noticed Nessos
 14303 | D:12     | Killed a brown ugly thing
 14304 | D:12     | Reached skill level 16 in Spellcasting
 14362 | D:12     | Killed Nessos
 14363 | D:12     | Reached skill level 5 in Armour
 14495 | D:12     | Noticed a red ugly thing
 14531 | D:12     | Killed a red ugly thing
 14532 | D:12     | Reached XP level 12. HP: 50/68 MP: 34/34
 15152 | D:13     | Noticed a centaur warrior
 15173 | D:13     | Killed a centaur warrior
 15174 | D:13     | Reached skill level 10 in Conjurations
 15970 | D:13     | Reached skill level 17 in Spellcasting
 16261 | D:14     | Noticed a boulder beetle
 16284 | D:14     | Killed a boulder beetle
 16620 | D:14     | Slain by a white ugly thing

Illustrated notes

Levels and vault maps discovered:
D:1:      roderic_octagonal_star, layout_loops_ring
D:2:      layout_loops_corners, serial_bayou, serial_bayou_lake_a,
          serial_bayou_pond_c, serial_bayou_pond_c, serial_bayou_pond_b,
          kennysheep_big_empty_room, kennysheep_decorative_pillar, uniq_jessica,
          uniq_sigmund
D:3:      layout_rooms, portal_sewer_entry_d, uniq_grinder
D:4:      layout_layer_cave, st_stairs_11, uniq_ijyb
D:5:      layout_basic, nicolae_uskayaw_murder_on_the_dancefloor,
          minmay_temple_entry_statues, serial_shops, nicolae_diamond_shop
D:6:      layout_basic, ebering_dispersal_statue_hall,
          dilly_guarded_unrand_morg, uniq_eustachio, uniq_edmund
D:7:      layout_cave_pools, reono_crystal_passage, uniq_duvessa
D:8:      minmay_flawed_box, layout_cave_pools,
          mainiacjoe_overflow_small_starburst, jmf_multi_god_temple,
          ploomutoo_gammafunk_ghost_potion_laboratory, serial_shops,
          nicolae_shop_back_alley_shop, hangedman_misty_isle
D:9:      old_forge, layout_rooms, serial_shops, nicolae_inconvenience_store,
          uniq_psyche
D:10:     layout_irregular_city, xom_teletrap_fun, nicolae_ru_awakened_eye
D:11:     layout_rooms, erik_orc_3, lemuel_flamethrower_2, uniq_snorg,
          uniq_nergalle
D:12:     layout_cave_pools, uniq_nessos
D:13:     layout_roguey
D:14:     gargoyle_guard, layout_irregular_city,
          hellmonk_vaults_attempted_burglary, good_gods_mini_temple,
          minmay_more_statues
Temple:   lightli_temple_of_artemis

Skill      XL: |  1  2  3  4  5  6  7  8  9 10 11 12 |
---------------+-------------------------------------+-----
Spellcasting   | 5 6 7 8 10 12 14 16 17 | 17.2
Fighting       | 1 2 3 4 5 |  5.0
Armour         | 1 2 4 5 |  5.8
Conjurations   | 2 3 4 5 7 8 9 10 | 10.4
Stealth        | 3 |  3.1
Dodging        | 3 |  3.0
Necromancy     | 1 3 4 5 |  5.0
Alchemy        | 1 |  1.0
Evocations     | 1 |  1.0
Air Magic      | 1 |  1.0
Fire Magic     | 3 5 7 8 |  8.3
Earth Magic    | 1 |  1.0
Ice Magic      | 2 |  2.0
Summonings     | |  1.1
Translocations | |  1.1

Action                     |  1- 3 |  4- 6 |  7- 9 | 10-12 || total
---------------------------+-------+-------+-------+-------++-------
  Melee: Dagger            |    34 |    21 |       |       ||    55
         Short sword       |       |     2 |    12 |       ||    14
         Punch             |       |     1 |     2 |     2 ||     5
         Flail             |       |       |    97 |   150 ||   247
   Cast: Magic Dart        |    64 |   118 |   167 |    12 ||   361
         Mephitic Cloud    |     1 |     5 |    23 |    67 ||    96
         Blink             |       |       |     8 |     6 ||    14
         Call Imp          |       |       |     4 |     6 ||    10
         Foxfire           |       |       |   166 |   490 ||   656
  Evoke: Wand              |       |       |     1 |    19 ||    20
   Stab: Confused          |     1 |     7 |    14 |    12 ||    34
         Sleeping          |       |       |     1 |       ||     1
         Paralysed         |       |       |       |    24 ||    24
 Armour: Robe              |    16 |     7 |   106 |    76 ||   205
         Steam dragon scal |       |       |       |   121 ||   121
  Dodge: Dodged            |    29 |    10 |   112 |   180 ||   331
  Block: Other             |       |       |       |    48 ||    48
         Reflection        |       |       |       |     1 ||     1

Table legend: (Time is in decaauts)
 A = Elapsed time spent in this place.
 B = Non-inter-level travel time spent in this place.
 C = Inter-level travel time spent in this place.
 D = Time resting spent in this place.
 E = Time spent auto-exploring this place.
 F = Levels seen in this place.
 G = Mean time per level.
                   A        B        C        D        E       F      G
               +--------+--------+--------+--------+--------+-----+--------+
         Total |  16782 |  16294 |    488 |    843 |  12661 |  16 | 1048.9 |
       Dungeon |  15781 |  15317 |    464 |    843 |  11853 |  14 | 1127.2 |
        Temple |     50 |     26 |     24 |      0 |      0 |   1 |   50.0 |
         Sewer |    951 |    951 |      0 |      0 |    807 |   1 |  951.0 |
               +--------+--------+--------+--------+--------+-----+--------+

Top non-repeatable levels by time:
     D:4: 1574 daAuts
     D:6: 1521 daAuts
     D:5: 1476 daAuts
     D:2: 1403 daAuts
     D:9: 1249 daAuts
    D:13: 1244 daAuts
     D:8: 1221 daAuts
    D:10: 1183 daAuts
    D:11: 1094 daAuts
     D:1: 953 daAuts
   Sewer: 951 daAuts
     D:7: 898 daAuts
    D:12: 868 daAuts
     D:3: 672 daAuts
    D:14: 420 daAuts
